AoeStats
← 150490644@

Nomad

509720737Analyzed
2v2 RM · 3d ago on Sep 27, 2026· 26m 59s· 4 players
Game mode
Random Map
Map size
176×176
Population
200
Speed
Normal
Resources
Standard
Victory
Conquest
Starting age
Dark Age
Ending age
Imperial Age
RankedLock teamsTeams togetherTeam positionsShared explorationLock speedFull tech treeHidden civsTurbo modeCheats
Victory
Defeat
🇹🇷 Magyars · Türkiye
1136
+16
🇨🇳 Celts · China
1124
+17
🇮🇹 Franks · Italy
1227
-20
🇮🇹 Varangians · Italy
1057
-13
veysipak
13:24 Feudal Age
16:40 Bloodlines
24:08 Castle Age
22:20 Double-Bit Axe
23:01 Horse Collar
23:45 Scale Barding Armor
猪队友怕不怕
5:19 Loom
12:47 Feudal Age
18:25 Castle Age
23:21 Scale Mail Armor
28:36 Imperial Age
150490644@
15:48 Feudal Age
14:30 Loom
16:21 Double-Bit Axe
20:21 Wheelbarrow
23:39 Castle Age
21:59 Town Watch
23:53 Forging
26:30 Hand Cart
青田野狼ale
9:00 Loom
13:10 Feudal Age
14:22 Fishing Lines
14:48 Double-Bit Axe
17:46 Gold Mining
18:20 Town Watch
18:50 Bloodlines
19:13 Man-at-Arms
19:38 Arson
22:54 Horse Collar
25:13 Stone Mining
28:13 Castle Age
Connection lost

Rejoining the realm…

Still unreachable

The connection could not be restored.

Session expired

The server has moved on; the page needs a fresh start.